[gd_resource type="SpriteFrames" load_steps=14 format=2]

[ext_resource path="res://src/Npc/Priest/village_priest_idle.png" type="Texture" id=1]
[ext_resource path="res://src/Npc/Priest/village_priest_walking_up.png" type="Texture" id=2]
[ext_resource path="res://src/Npc/Priest/village_priest_walking_down.png" type="Texture" id=3]

[sub_resource type="AtlasTexture" id=1]
atlas = ExtResource( 1 )
region = Rect2( 0, 0, 16, 32 )

[sub_resource type="AtlasTexture" id=2]
atlas = ExtResource( 1 )
region = Rect2( 16, 0, 16, 32 )

[sub_resource type="AtlasTexture" id=3]
atlas = ExtResource( 1 )
region = Rect2( 32, 0, 16, 32 )

[sub_resource type="AtlasTexture" id=4]
atlas = ExtResource( 1 )
region = Rect2( 48, 0, 16, 32 )

[sub_resource type="AtlasTexture" id=5]
atlas = ExtResource( 1 )
region = Rect2( 64, 0, 16, 32 )

[sub_resource type="AtlasTexture" id=6]
atlas = ExtResource( 1 )
region = Rect2( 80, 0, 16, 32 )

[sub_resource type="AtlasTexture" id=7]
atlas = ExtResource( 3 )
region = Rect2( 0, 0, 16, 32 )

[sub_resource type="AtlasTexture" id=8]
atlas = ExtResource( 3 )
region = Rect2( 16, 0, 16, 32 )

[sub_resource type="AtlasTexture" id=9]
atlas = ExtResource( 2 )
region = Rect2( 0, 0, 16, 32 )

[sub_resource type="AtlasTexture" id=10]
atlas = ExtResource( 2 )
region = Rect2( 16, 0, 16, 32 )

[resource]
animations = [ {
"frames": [ SubResource( 1 ), SubResource( 2 ), SubResource( 3 ), SubResource( 4 ), SubResource( 5 ), SubResource( 6 ) ],
"loop": true,
"name": "idle",
"speed": 1.0
}, {
"frames": [ SubResource( 7 ), SubResource( 8 ) ],
"loop": true,
"name": "walking_down",
"speed": 4.0
}, {
"frames": [ SubResource( 9 ), SubResource( 10 ) ],
"loop": true,
"name": "walking_up",
"speed": 4.0
} ]
